[Event "SS Manhem Chess Week GM and IM tournaments 2018"]
[Site "Molnlycke kulturhus, Biblioteksgatan 2, Molnlycke, Sweden"]
[Date "2018.08.11"]
[Round "1.1"]
[White "Schneider, Stefan"]
[Black "Brynell, Stellan"]
[Result "0-1"]
[TimeControl "90 minutes for 40 moves + 30 minutes for the rest of the game + 30 seconds per move from move one."]
[WhiteTitle "IM"]
[BlackTitle "GM"]
[WhiteFideId "1703013"]
[BlackFideId "1700219"]
[WhiteElo "2399"]
[BlackElo "2391"]

1. d4 e6 2. c4 Nf6 3. Nf3 c5 4. d5 d6 5. Nc3 exd5 6. cxd5 g6 7. Bf4 Bg7 8. Qa4+ Bd7 9. Qb3 Qc7 10.
h3 O-O 11. e3 Na6 12. Rd1 Rab8 13. Bb5 Bf5 14. O-O Nb4 15. Ne1 Qe7 16. a3 Na6 17. Qa4 Nc7 18. Be2 a6 19. Nf3 b5 20.
Qa5 b4 21. axb4 Rxb4 22. Rd2 Rfb8 23. g4 Bc8 24. Qa2 h5 25. Ne5 dxe5 26. d6 Qd8 27. dxc7 Qxc7 28. Bg3 hxg4 29. hxg4 Bxg4 30.
Bc4 Bf3 31. Rb1 Qc8 32. Bxf7+ Kh7 33. Be6 Qc6 34. Bc4 Ne4 35. Nxe4 Qxe4 36. Bd3 Qh4 37. Bxg6+ Kh6 38. Bxh4 Rxh4 39.
Qxa6 Rh1# 0-1

[Event "SS Manhem Chess Week GM and IM tournaments 2018"]
[Site "Molnlycke kulturhus, Biblioteksgatan 2, Molnlycke, Sweden"]
[Date "2018.08.11"]
[Round "1.2"]
[White "Johansson, Linus"]
[Black "Rozentalis, Eduardas"]
[Result "1/2-1/2"]
[TimeControl "90 minutes for 40 moves + 30 minutes for the rest of the game + 30 seconds per move from move one."]
[WhiteTitle "IM"]
[BlackTitle "GM"]
[WhiteFideId "1711113"]
[BlackFideId "12800023"]
[WhiteElo "2457"]
[BlackElo "2503"]

1. d4 Nf6 2. c4 e6 3. Nc3 Bb4 4. Bg5 h6 5. Bh4 c5 6. d5 Bxc3+ 7. bxc3 d6 8. e3 e5 9. Qc2 Qe7 10.
Nf3 Nbd7 11. Nd2 e4 12. Be2 g5 13. Bg3 Nf8 14. O-O Bf5 15. f3 exf3 16. Qxf5 fxe2 17. Rf3 N8d7 18. Re1 O-O-O 19. Rxe2 Nh5 20. Qxf7 Qxf7 21. Rxf7 Nxg3 22. hxg3 Ne5 23. Rg7 Rd7 1/2-1/2

[Event "SS Manhem Chess Week GM and IM tournaments 2018"]
[Site "Molnlycke kulturhus, Biblioteksgatan 2, Molnlycke, Sweden"]
[Date "2018.08.11"]
[Round "1.3"]
[White "Sammalvuo, Tapani"]
[Black "Lindberg, Bengt"]
[Result "1/2-1/2"]
[TimeControl "90 minutes for 40 moves + 30 minutes for the rest of the game + 30 seconds per move from move one."]
[WhiteTitle "IM"]
[BlackTitle "IM"]
[WhiteFideId "501115"]
[BlackFideId "1700359"]
[WhiteElo "2411"]
[BlackElo "2416"]

1. d4 Nf6 2. c4 e6 3. Nf3 b6 4.
g3 Ba6 5. Qc2 Bb4+ 6. Bd2 Be7 7. e4 d5 8. cxd5 Bxf1 9. Kxf1 exd5 10. e5 Ne4 11. Nc3 Nxd2+ 12. Nxd2 Qd7 13. Qb3 Nc6 14.
Nf3 Rd8 15. Kg2 O-O 16. Rac1 Na5 17. Qc2 c5 18. Rcd1 Qb7 19. h4 Nc6 20. a3 Nxd4 21. Nxd4 cxd4 22. Ne2 Rfe8 23. Rhe1 Bc5 24.
b4 Bf8 25. Nxd4 Rc8 26. Qd3 Rc4 27. Nf5 Re4 28. Rxe4 dxe4 29. Qb5 e3+ 30. f3 Qb8 31. Rd5 a6 32. Qd3 Rxe5 33. Nxe3 Re8 34.
Ng4 Qc8 35. Rh5 h6 36. Rd5 Qe6 37. Ne5 b5 38. h5 Be7 39. Ng4 Rc8 40. Re5 Qd6 41. Rd5 Qc6 42.
Rd7 Qe6 43. Ne3 Bf8 44. Nd5 Qe5 45. Nf4 Rc3 46. Qe4 Qxe4 47. fxe4 Rxa3 48. Rd8 a5 49. bxa5 Rxa5 50. e5 Ra7 51.
Rb8 b4 52. Kf3 b3 53. Nd5 b2 54. Rxb2 Be7 55. Rb8+ Kh7 56. Ne3 Bg5 57. Nf5 g6 58. hxg6+ Kxg6 59. g4 Ra3+ 60. Kf2 Ra2+ 61.
Kf3 Ra3+ 62. Ke2 Ra5 63. Re8 Bf4 64. Rg8+ Kh7 65. Rg7+ Kh8 66. Rxf7 Rxe5+ 67. Kf3 Bg5 1/2-1/2

[Event "SS Manhem Chess Week GM and IM tournaments 2018"]
[Site "Molnlycke kulturhus, Biblioteksgatan 2, Molnlycke, Sweden"]
[Date "2018.08.11"]
[Round "1.5"]
[White "Christiansen, Johan-Sebastian"]
[Black "Vestby-Ellingsen, Mads"]
[Result "1-0"]
[TimeControl "90 minutes for 40 moves + 30 minutes for the rest of the game + 30 seconds per move from move one."]
[WhiteTitle "IM"]
[BlackTitle "FM"]
[WhiteFideId "1512668"]
[BlackFideId "1520857"]
[WhiteElo "2515"]
[BlackElo "2409"]

1. e4 e5 2. Nf3 Nc6 3. Bb5 a6 4. Ba4 Nf6 5. O-O Be7 6. Re1 b5 7. Bb3 d6 8. a4 b4 9. a5 O-O 10.
h3 Be6 11. c3 Bxb3 12. Qxb3 Qd7 13. d4 bxc3 14. dxe5 dxe5 15. bxc3 Rfb8 16. Qc2 Bc5 17. Nbd2 Qe6 18. Ng5 Qe7 19.
Qa4 Na7 20. Qc4 Nb5 21. Nf1 h6 22. Nf3 Ba7 23. Bd2 Nd6 24. Qa4 Qe6 25. Ng3 Rb5 26. Qc2 Nc4 27. Nf5 Nxa5 28. Rab1 Rab8 29.
Rxb5 axb5 30. g4 Nd7 31. g5 h5 32. Bc1 g6 33. N3h4 gxf5 34. Nxf5 Nc4 35. Qe2 Qb6 36. Be3 Nxe3 37.
fxe3 Re8 38. Rf1 Nf8 39. Qxh5 Qg6 40. Nh6+ Kg7 41. Rxf7+ 1-0

[Event "SS Manhem Chess Week GM and IM tournaments 2018"]
[Site "Molnlycke kulturhus, Biblioteksgatan 2, Molnlycke, Sweden"]
[Date "2018.08.11"]
[Round "1.6"]
[White "Nedilko, Vasily"]
[Black "Vypkhaniuk, Ihor"]
[Result "0-1"]
[TimeControl "90 minutes for 40 moves + 30 minutes for the rest of the game + 30 seconds per move from move one."]
[WhiteTitle "IM"]
[BlackTitle "FM"]
[WhiteFideId "14101459"]
[BlackFideId "14112256"]
[WhiteElo "2369"]
[BlackElo "2357"]

1. d4 Nf6 2. c4 g6 3. Nf3 Bg7 4. g3 O-O 5. Bg2 Nc6 6. O-O d6 7. Nc3 e5 8. d5 Nb8 9. e4 a5 10.
Bd2 Na6 11. Qc2 Nc5 12. Rab1 Bd7 13. b3 b6 14. Ne1 Nh5 15. Nd3 f5 16. Nxc5 bxc5 17. Nb5 Nf6 18. f3 h5 19. Bg5 Qb8 20.
a4 Nh7 21. Qd2 f4 22. gxf4 Nxg5 23. fxg5 Rf4 24. Nc3 h4 25. Ne2 h3 26. Nxf4 exf4 27. Qxf4 Bd4+ 28. Kh1 Qb4 29. Rfd1 Rf8 30.
Qd2 Qxd2 31. Rxd2 hxg2+ 32. Kxg2 Be3 33. Rd3 Bxg5 34. Rh1 Kg7 35. Kg3 Bf4+ 36. Kg2 Rh8 37. h3 Kh6 38. Rdd1 Kg5 39. Kf2 Rb8 40. Rd3 Kh4 41.
Kg2 Bg3 42. Rc3 Re8 43. Rcc1 Bf4 44. Rcg1 Bg3 45. Rd1 Rh8 46. Rdg1 Rb8 47. Rb1 g5 48. Rb2 Bxa4 49. Ra2 Bd7 0-1

[Event "SS Manhem Chess Week GM and IM tournaments 2018"]
[Site "Molnlycke kulturhus, Biblioteksgatan 2, Molnlycke, Sweden"]
[Date "2018.08.11"]
[Round "1.7"]
[White "Hobber, Anders"]
[Black "Mikalsen, Erlend"]
[Result "1-0"]
[TimeControl "90 minutes for 40 moves + 30 minutes for the rest of the game + 30 seconds per move from move one."]
[WhiteTitle "FM"]
[BlackTitle "FM"]
[WhiteFideId "1505424"]
[BlackFideId "1507338"]
[WhiteElo "2314"]
[BlackElo "2289"]

1. d4 Nf6 2. Bf4 b6 3. e3 Bb7 4. Nd2 d6 5. Ngf3 Nh5 6. Bg3 Nxg3 7. hxg3 g6 8. Bd3 Bg7 9. Qe2 a6 10.
O-O-O c5 11. Rh4 Nd7 12. Rdh1 h6 13. g4 b5 14. c3 Rg8 15. g5 hxg5 16. Nxg5 e5 17. f4 Qe7 18. dxe5 dxe5 19.
Be4 Bxe4 20. Ndxe4 f5 21. Qd3 fxe4 22. Qxe4 O-O-O 23. Qc6+ Kb8 24. Qxa6 b4 25. Ne6 Rc8 26. Rd1 Nf8 27.
Rd6 Nxe6 28. Rxe6 Qa7 29. Qb5+ Kc7 30. Re7+ 1-0

[Event "SS Manhem Chess Week GM and IM tournaments 2018"]
[Site "Molnlycke kulturhus, Biblioteksgatan 2, Molnlycke, Sweden"]
[Date "2018.08.11"]
[Round "1.8"]
[White "Kucuksari, Kaan"]
[Black "Storme, Isak"]
[Result "0-1"]
[TimeControl "90 minutes for 40 moves + 30 minutes for the rest of the game + 30 seconds per move from move one."]
[WhiteTitle "FM"]
[BlackTitle "FM"]
[WhiteFideId "6380166"]
[BlackFideId "1728113"]
[WhiteElo "2329"]
[BlackElo "2279"]

1. d4 Nf6 2. Nf3 e6 3. c4 c5 4. d5 d6 5. Nc3 exd5 6. cxd5 g6 7. Bf4 Bg7 8. h3 O-O 9. e3 Na6 10.
Be2 Nc7 11. O-O Rb8 12. a4 a6 13. Rb1 b5 14. axb5 axb5 15. b4 Bf5 16. Rb3 c4 17. Ra3 Ne4 18. Nxe4 Bxe4 19. Ng5 Bxd5 20.
Ra7 h6 21. Nf3 Rb6 22. Qd2 Be4 23. Nd4 Nd5 24. f3 Nxf4 25. fxe4 Nxe2+ 26. Nxe2 Qb8 27. Ra5 Qb7 28. Qc2 d5 29.
exd5 Qxd5 30. e4 Qd6 31. Qb1 Qd2 32. Nf4 Rf6 33. g3 g5 34. e5 Qe3+ 35. Kg2 Qxe5 36. Re1 Qd6 37. Rd1 Qe7 38.
Nd5 Qe2+ 39. Kg1 Rf2 40. Ra2 Qxa2 41. Qe4 0-1

[Event "SS Manhem Chess Week GM and IM tournaments 2018"]
[Site "Molnlycke kulturhus, Biblioteksgatan 2, Molnlycke, Sweden"]
[Date "2018.08.11"]
[Round "1.9"]
[White "Rydstrom, Tom"]
[Black "Ernst, Thomas"]
[Result "1-0"]
[TimeControl "90 minutes for 40 moves + 30 minutes for the rest of the game + 30 seconds per move from move one."]
[WhiteTitle "FM"]
[BlackTitle "GM"]
[WhiteFideId "1714830"]
[BlackFideId "1700065"]
[WhiteElo "2316"]
[BlackElo "2346"]

1. e4 e5 2. Nf3 Nc6 3. Bb5 a6 4. Ba4 Nf6 5. d3 b5 6. Bb3 Be7 7. Nc3 d6 8. a4 Rb8 9. axb5 axb5 10.
Nd5 O-O 11. O-O Bb7 12. c3 Ra8 13. Rxa8 Bxa8 14. Ne3 Qd7 15. Qe2 Na5 16. Ba2 c5 17. b4 cxb4 18. cxb4 Nc6 19. Bd2 Bd8 20.
h3 Bb6 21. Nf5 Ne7 22. Nxe7+ Qxe7 23. Bg5 h6 24. Bd2 Kh7 25. Kh2 Bb7 26. Nh4 d5 27. Nf5 Qd7 28. f3 Ra8 29. Bb1 Ng8 30.
Qe1 Bd8 31. Kh1 Kh8 32. Qg3 Bf6 33. d4 dxe4 34. fxe4 Re8 35. d5 Kh7 36. Qg4 Rd8 37. Bd3 Bxd5 38. exd5 Qxd5 39. Be4 Qxd2 40.
Nd6+ g6 41. Nxf7 Bg5 42. Nxd8 Qxd8 43. Qe6 Nf6 44. Qf7+ Kh8 45. Qxg6 Nxe4 46. Qxe4 Qe7 47. Ra1 Kg7 48. Qa8 Qxb4 49.
Ra7+ Kg6 50. Qe8+ Kf5 51. Qd7+ Ke4 52. Qc6+ Ke3 53. Qf3+ Kd4 54. Rd7+ Kc5 55. Qd5+ Kb6 56. Rb7+ Ka5 57.
Qa2+ Qa4 58. Ra7+ Kb4 59. Rxa4+ bxa4 60. Qb2+ Kc4 61. Qxe5 a3 62. Qe6+ Kb4 63. Qa2 Bc1 64. g4 Bb2 65.
Kg2 Kc5 66. Kf3 1-0

[Event "SS Manhem Chess Week GM and IM tournaments 2018"]
[Site "Molnlycke kulturhus, Biblioteksgatan 2, Molnlycke, Sweden"]
[Date "2018.08.11"]
[Round "1.10"]
[White "Antonsen, Mikkel"]
[Black "Pantzar, Milton"]
[Result "0-1"]
[TimeControl "90 minutes for 40 moves + 30 minutes for the rest of the game + 30 seconds per move from move one."]
[WhiteTitle "IM"]
[BlackTitle "FM"]
[WhiteFideId "1401378"]
[BlackFideId "1721003"]
[WhiteElo "2444"]
[BlackElo "2306"]

1. d4 Nf6 2. Nf3 d5 3. c4 e6 4. g3 Bb4+ 5. Bd2 Bd6 6. Nc3 O-O 7. Bg5 c6 8. Bg2 h6 9. Bxf6 Qxf6 10.
e4 Bc7 11. O-O dxc4 12. e5 Qe7 13. Ne4 b6 14. Qc2 Ba6 15. Rfd1 Rd8 16. g4 Nd7 17. g5 hxg5 18. Nfxg5 Nf8 19.
f4 Rd7 20. Nc3 Rad8 21. Qf2 b5 22. Kh1 Bb6 23. Be4 Rxd4 24. Rxd4 Bxd4 25. Qh4 g6 26. Ne2 c5 27. Rf1 b4 28.
Rf3 Bb7 29. Ng3 f5 30. exf6 Bxf6 31. Rf1 Rd4 32. Qg4 Bxe4+ 33. N3xe4 Bg7 34. Re1 Qb7 35. h4 Qd5 36. h5 Qf5 37.
Qf3 Rd3 38. Re3 gxh5 39. Rxd3 cxd3 40. Ng3 0-1

[Event "SS Manhem Chess Week GM and IM tournaments 2018"]
[Site "Molnlycke kulturhus, Biblioteksgatan 2, Molnlycke, Sweden"]
[Date "2018.08.12"]
[Round "2.1"]
[White "Gritsak, Orest"]
[Black "Christiansen, Johan-Sebastian"]
[Result "1/2-1/2"]
[TimeControl "90 minutes for 40 moves + 30 minutes for the rest of the game + 30 seconds per move from move one."]
[WhiteTitle "GM"]
[BlackTitle "IM"]
[WhiteFideId "14102188"]
[BlackFideId "1512668"]
[WhiteElo "2464"]
[BlackElo "2515"]

1. c4 e5 2. e3 Nf6 3. Nc3 Bb4 4. Nge2 O-O 5. a3 Be7 6. Qc2 d5 7. cxd5 Nxd5 8. Nxd5 Qxd5 9. Nc3 Qc6 10.
b4 Qg6 11. Qxg6 hxg6 12. Bb2 c6 13. Ne4 Nd7 14. h4 Re8 1/2-1/2

[Event "SS Manhem Chess Week GM and IM tournaments 2018"]
[Site "Molnlycke kulturhus, Biblioteksgatan 2, Molnlycke, Sweden"]
[Date "2018.08.12"]
[Round "2.3"]
[White "Brynell, Stellan"]
[Black "Vestby-Ellingsen, Mads"]
[Result "1-0"]
[TimeControl "90 minutes for 40 moves + 30 minutes for the rest of the game + 30 seconds per move from move one."]
[WhiteTitle "GM"]
[BlackTitle "FM"]
[WhiteFideId "1700219"]
[BlackFideId "1520857"]
[WhiteElo "2391"]
[BlackElo "2409"]

1. Nf3 c5 2. b3 d5 3. e3 Nf6 4. Bb2 e6 5. c4 Nc6 6. cxd5 exd5 7. Be2 Bd6 8. O-O O-O 9. d4 a6 10.
Nbd2 cxd4 11. Nxd4 Bc7 12. Rc1 Bd7 13. N2f3 Re8 14. Nxc6 bxc6 15. Nd4 Qe7 16. Qc2 Qd6 17. g3 Bb6 18.
Bf3 Rac8 19. Qd3 a5 20. Rc2 Ne4 21. Bg2 h5 22. Qa6 c5 23. Nf3 c4 24. Bd4 Nc5 25. Bxc5 Qxc5 26. Nd4 Rb8 27.
bxc4 Qb4 28. Bxd5 Bxd4 29. exd4 Re1 30. Rc1 Rxc1 31. Rxc1 Bh3 32. Qg6 Rb7 33. Qxh5 Qb2 34. Rd1 Bc8 35.
Re1 Be6 36. Bxb7 Qxb7 37. d5 Qb4 38. Qe5 Bh3 39. d6 Qxc4 40. Qe8+ 1-0

[Event "SS Manhem Chess Week GM and IM tournaments 2018"]
[Site "Molnlycke kulturhus, Biblioteksgatan 2, Molnlycke, Sweden"]
[Date "2018.08.12"]
[Round "2.4"]
[White "Rozentalis, Eduardas"]
[Black "Sammalvuo, Tapani"]
[Result "1-0"]
[TimeControl "90 minutes for 40 moves + 30 minutes for the rest of the game + 30 seconds per move from move one."]
[WhiteTitle "GM"]
[BlackTitle "IM"]
[WhiteFideId "12800023"]
[BlackFideId "501115"]
[WhiteElo "2503"]
[BlackElo "2411"]

1. e4 c5 2. Nf3 d6 3. Bb5+ Nc6 4. d4 cxd4 5. Qxd4 Bd7 6. Bxc6 Bxc6 7. Nc3 Nf6 8. Bg5 e6 9. O-O-O Be7 10.
Rhe1 O-O 11. Kb1 h6 12. Bh4 Qa5 13. Qd2 Qh5 14. h3 Rfd8 15. g4 Qc5 16. Nd4 g5 17. Bg3 b5 18. f3 Be8 19.
h4 b4 20. Nce2 Nd7 21. hxg5 hxg5 22. Nb3 Qb6 23. Rh1 Ne5 24. Ned4 Ng6 25. Rh6 Bf6 26. Rxg6+ fxg6 27. Nxe6 Rd7 28.
Bf2 Qb5 29. Bd4 Bxd4 30. Nbxd4 Qe5 31. Nxg5 Rc8 32. f4 Qf6 33. Rh1 Re7 34. f5 Rc4 35. Nde6 Qe5 36. Nf3 Qf6 37. Qd5 Rc8 38.
g5 Qf7 39. Qd4 1-0

[Event "SS Manhem Chess Week GM and IM tournaments 2018"]
[Site "Molnlycke kulturhus, Biblioteksgatan 2, Molnlycke, Sweden"]
[Date "2018.08.12"]
[Round "2.5"]
[White "Schneider, Stefan"]
[Black "Johansson, Linus"]
[Result "1/2-1/2"]
[TimeControl "90 minutes for 40 moves + 30 minutes for the rest of the game + 30 seconds per move from move one."]
[WhiteTitle "IM"]
[BlackTitle "IM"]
[WhiteFideId "1703013"]
[BlackFideId "1711113"]
[WhiteElo "2399"]
[BlackElo "2457"]

1. d4 Nf6 2. Nf3 e6 3. Bf4 b6 4. c4 Bb7 5. e3 Bb4+ 6. Nfd2 O-O 7. a3 Be7 8. Nc3 d5 9. Be2 c5 10.
dxc5 bxc5 11. Bf3 Nbd7 12. cxd5 exd5 13. O-O Qb6 14. Qc2 Rac8 15. Rfe1 Qe6 16. e4 d4 17. Nd5 Nb6 18. Nc4 Nxc4 19.
Qxc4 Bd8 20. Nxf6+ Qxf6 21. Bg3 Ba5 22. Red1 Qb6 23. Rab1 Ba6 24. Qd5 Rfd8 25. Qg5 Bc4 26. Bg4 h6 27.
Qe5 Re8 28. Qf4 Rcd8 29. b4 cxb4 30. axb4 Bxb4 31. Qc7 Qxc7 32. Bxc7 a5 33. Bxd8 Rxd8 34. Rbc1 Bb5 35. Rc7 d3 36. h4 d2 37. Ra1 Ba4 38.
Bd1 Bxd1 39. Rxd1 Re8 40. f3 f5 41. Rc4 fxe4 42. fxe4 Rf8 43. h5 Rf4 44. g3 Rf3 45. Kg2 Re3 46.
Rd4 Kf7 47. R1xd2 Bxd2 48. Rxd2 Rxe4 49. Rd5 Ra4 50. Kh3 Ra1 51. Kg4 Ke6 52. Rb5 Ra4+ 53. Kh3 Kf6 54. Rb6+ Kg5 55. Rg6+ Kxh5 56.
Rxg7 Ra3 57. Rg8 a4 58. Rg7 Rd3 59. Rg4 a3 60. Ra4 Kg5 61. Ra5+ Kf6 62. Kh4 Ke6 63. g4 Kd6 64. Ra6+ Kc5 65.
Rxh6 Rd6 66. Rh8 Ra6 67. Rc8+ Kd6 68. Rc1 a2 69. Ra1 Ke6 70. Kh5 Kf7 71. g5 Ra4 72. Rf1+ Kg8 73. Ra1 Kg7 74.
g6 Ra6 75. Kg5 Rxg6+ 1/2-1/2

[Event "SS Manhem Chess Week GM and IM tournaments 2018"]
[Site "Molnlycke kulturhus, Biblioteksgatan 2, Molnlycke, Sweden"]
[Date "2018.08.12"]
[Round "2.6"]
[White "Vypkhaniuk, Ihor"]
[Black "Pantzar, Milton"]
[Result "1-0"]
[TimeControl "90 minutes for 40 moves + 30 minutes for the rest of the game + 30 seconds per move from move one."]
[WhiteTitle "FM"]
[BlackTitle "FM"]
[WhiteFideId "14112256"]
[BlackFideId "1721003"]
[WhiteElo "2357"]
[BlackElo "2306"]

1. Nf3 Nf6 2. c4 e6 3. g3 d5 4. Bg2 Be7 5. O-O O-O 6. b3 d4 7. e3 c5 8. exd4 cxd4 9. d3 Nc6 10.
Re1 Nd7 11. Ba3 Re8 12. Bxe7 Rxe7 13. a3 a5 14. Ng5 e5 15. Nd2 Nf6 16. Nde4 Nxe4 17. Bxe4 g6 18. Qd2 f6 19. Bd5+ Kg7 20.
Ne4 Re8 21. h4 Bf5 22. b4 axb4 23. axb4 Bxe4 24. Bxe4 Qc7 25. Bg2 Ne7 26. Qe2 Qb6 27. b5 Nf5 28. Qf3 Rxa1 29. Rxa1 e4 30.
dxe4 Nd6 31. Qd3 Rc8 32. Rc1 Qc5 33. Rd1 Qxc4 34. Qxd4 Qxd4 35. Rxd4 Nxb5 36. Rd7+ Kg8 37. Rxb7 Nd4 38.
Rd7 Nc6 39. Bh3 Ne5 40. Be6+ Kf8 41. Rxh7 Rc6 42. Bd5 Rc2 43. Ra7 Ng4 44. Ra2 Rxa2 45. Bxa2 Ne5 46. f4 Nc6 47. Kf2 1-0

[Event "SS Manhem Chess Week GM and IM tournaments 2018"]
[Site "Molnlycke kulturhus, Biblioteksgatan 2, Molnlycke, Sweden"]
[Date "2018.08.12"]
[Round "2.7"]
[White "Storme, Isak"]
[Black "Rydstrom, Tom"]
[Result "1/2-1/2"]
[TimeControl "90 minutes for 40 moves + 30 minutes for the rest of the game + 30 seconds per move from move one."]
[WhiteTitle "FM"]
[BlackTitle "FM"]
[WhiteFideId "1728113"]
[BlackFideId "1714830"]
[WhiteElo "2279"]
[BlackElo "2316"]

1. e4 e5 2. Nf3 Nc6 3. Bb5 a6 4. Ba4 Nf6 5. O-O Bc5 6. c3 b5 7. Bc2 d5 8. a4 Rb8 9. axb5 axb5 10.
exd5 Qxd5 11. Bb3 Qd6 12. d4 exd4 13. Re1+ Be6 14. Bxe6 fxe6 15. Ra6 O-O 16. Qb3 Rbe8 17. Qxb5 Bb6 18.
cxd4 Ng4 19. Qh5 Nxf2 20. Rxb6 cxb6 21. Kxf2 Qxd4+ 22. Be3 Qxb2+ 23. Nbd2 Qc2 24. Kg1 Qf5 25. Qxf5 exf5 26. Bxb6 Rxe1+ 27. Nxe1 Rb8 28. Nc4 Ne5 29. Nxe5 Rxb6 30. N1d3 1/2-1/2

[Event "SS Manhem Chess Week GM and IM tournaments 2018"]
[Site "Molnlycke kulturhus, Biblioteksgatan 2, Molnlycke, Sweden"]
[Date "2018.08.12"]
[Round "2.8"]
[White "Nedilko, Vasily"]
[Black "Hobber, Anders"]
[Result "1/2-1/2"]
[TimeControl "90 minutes for 40 moves + 30 minutes for the rest of the game + 30 seconds per move from move one."]
[WhiteTitle "IM"]
[BlackTitle "FM"]
[WhiteFideId "14101459"]
[BlackFideId "1505424"]
[WhiteElo "2369"]
[BlackElo "2314"]

1. d4 d5 2. c4 c6 3. Nf3 Nf6 4. Nc3 Qb6 5. Qc2 Bg4 6. c5 Qc7 7. Ne5 Be6 8. Bf4 Qc8 9. h3 g6 10.
e3 Bf5 11. Bd3 Bxd3 12. Qxd3 Bg7 13. O-O O-O 14. b4 Nbd7 15. Nf3 Re8 16. Bh2 b6 17. Rfc1 a5 18. cxb6 axb4 19. Nb5 Qa6 20.
Rxc6 Rec8 21. Qc2 Rxc6 22. Qxc6 Rc8 23. Bc7 Qxb6 24. Qxb6 Nxb6 25. Bxb6 Rb8 26. Bc5 Rxb5 27. Rb1 Bf8 28.
Rxb4 Ra5 29. Rb2 Ne4 30. Bb4 Ra4 31. Ne5 e6 32. Bxf8 Kxf8 33. Rb8+ Kg7 34. Rb7 Rxa2 35. Rxf7+ Kg8 36.
g4 Ng5 37. Rf6 Kg7 38. h4 Nh3+ 39. Kg2 Kxf6 40. Kxh3 Rxf2 41. Kg3 Re2 42. Kf3 Re1 43. Nd7+ Ke7 44. Ne5 Rf1+ 45. Kg3 Kf6 46. Nd7+ Kg7 47.
g5 Kf7 48. Ne5+ Ke7 49. Ng4 Kd6 50. Kg2 Rf5 51. Nh6 Rf8 52. Ng4 Ke7 53. Kg3 Rf5 54. Nh6 Rf1 55. Ng4 Rf5 56. Nh6 Rf1 57. Ng4 Rf8 58. Ne5 Rf1 59. Ng4 1/2-1/2

[Event "SS Manhem Chess Week GM and IM tournaments 2018"]
[Site "Molnlycke kulturhus, Biblioteksgatan 2, Molnlycke, Sweden"]
[Date "2018.08.12"]
[Round "2.9"]
[White "Mikalsen, Erlend"]
[Black "Kucuksari, Kaan"]
[Result "1-0"]
[TimeControl "90 minutes for 40 moves + 30 minutes for the rest of the game + 30 seconds per move from move one."]
[WhiteTitle "FM"]
[BlackTitle "FM"]
[WhiteFideId "1507338"]
[BlackFideId "6380166"]
[WhiteElo "2289"]
[BlackElo "2329"]

1. e4 c5 2. Nf3 e6 3. d4 cxd4 4.
Nxd4 a6 5. Nc3 Qc7 6. Be2 b5 7. O-O Bb7 8. Re1 Nc6 9. Nxc6 dxc6 10. e5 Rd8 11. Bd3 c5 12. Qh5 g6 13. Qh3 Bg7 14.
Bg5 Rd7 15. Be4 h6 16. Bf4 Ne7 17. Bxb7 Qxb7 18. Ne4 Qc6 19. Nd6+ Kf8 20. c4 b4 21. Qe3 g5 22. Bg3 Ng6 23.
a3 h5 24. h3 h4 25. Bh2 g4 26. hxg4 h3 27. Qf3 Qxf3 28. gxf3 b3 29. Rad1 Ke7 30. f4 a5 31. Ne4 Rxd1 32.
Rxd1 Nh4 33. Rd3 Rd8 34. Nd6 a4 35. Rxh3 Rxd6 36. exd6+ Ke8 37. Rxh4 Bxb2 38. Rh3 Bxa3 39. Rd3 Kd7 40.
f5 b2 41. fxe6+ fxe6 42. Rd1 Bb4 43. Be5 a3 44. g5 Bd2 45. g6 Bf4 46. g7 Bxe5 47. g8=Q Bd4 48. Qb8 1-0

[Event "SS Manhem Chess Week GM and IM tournaments 2018"]
[Site "Molnlycke kulturhus, Biblioteksgatan 2, Molnlycke, Sweden"]
[Date "2018.08.12"]
[Round "2.10"]
[White "Ernst, Thomas"]
[Black "Antonsen, Mikkel"]
[Result "1-0"]
[TimeControl "90 minutes for 40 moves + 30 minutes for the rest of the game + 30 seconds per move from move one."]
[WhiteTitle "GM"]
[BlackTitle "IM"]
[WhiteFideId "1700065"]
[BlackFideId "1401378"]
[WhiteElo "2346"]
[BlackElo "2444"]

1. e4 e5 2. Nf3 Nc6 3. Bb5 Nf6 4. d3 Bc5 5. O-O Nd4 6. Nxd4 Bxd4 7. c3 Bb6 8. Nd2 c6 9. Ba4 d6 10.
Nc4 Bc7 11. Ne3 O-O 12. Qf3 Be6 13. Nf5 Nd7 14. Bc2 Qf6 15. g4 Kh8 16. Qg3 g6 17. g5 Qd8 18. Nh6 f5 19. f4 d5 20.
exf5 Bxf5 21. Be3 Qe7 22. Rae1 Qg7 23. fxe5 Bxe5 24. Bf4 Rae8 25. Bxe5 Rxe5 26. Rxe5 Qxe5 27. Qxe5+ Nxe5 28. d4 Nc4 29.
Nxf5 gxf5 30. Rxf5 Rxf5 31. Bxf5 Nxb2 32. Bc2 Nc4 33. Kf2 Kg7 34. Kf3 a5 35. Kf4 b5 36. h4 a4 37. Bf5 a3 38.
Bd7 Na5 39. h5 h6 40. Kg4 hxg5 41. Kxg5 Kh7 42. h6 Nc4 43. Bxc6 Ne3 44. Bxb5 Nd1 45. Bd3+ Kh8 46. c4 Nb2 47.
cxd5 Nxd3 48. d6 1-0

[Event "SS Manhem Chess Week GM and IM tournaments 2018"]
[Site "Molnlycke kulturhus, Biblioteksgatan 2, Molnlycke, Sweden"]
[Date "2018.08.12"]
[Round "3.1"]
[White "Johansson, Linus"]
[Black "Brynell, Stellan"]
[Result "1-0"]
[TimeControl "90 minutes for 40 moves + 30 minutes for the rest of the game + 30 seconds per move from move one."]
[WhiteTitle "IM"]
[BlackTitle "GM"]
[WhiteFideId "1711113"]
[BlackFideId "1700219"]
[WhiteElo "2457"]
[BlackElo "2391"]

1. c4 c5 2. Nc3 Nc6 3. g3 g6 4. Bg2 Bg7 5. Nf3 Nf6 6. O-O O-O 7. d4 cxd4 8. Nxd4 Nxd4 9. Qxd4 d6 10.
Qh4 Rb8 11. Bh6 Be6 12. Bxg7 Kxg7 13. Qd4 Qc7 14. b3 Qc5 15. Qxc5 dxc5 16. Rfd1 Rfc8 17. e4 Nd7 18. Nd5 Bxd5 19.
cxd5 Rc7 20. Bh3 b5 21. Bxd7 Rxd7 22. Rac1 Rc8 23. Kf1 Kf8 24. Ke2 Ke8 25. Rc3 h5 26. Rdc1 Rdc7 27. Ke3 Kd7 28.
e5 f6 29. f4 a6 30. Ke4 f5+ 31. Ke3 Ke8 32. R3c2 Kd7 33. h3 Ke8 34. e6 Kf8 35. g4 hxg4 36. hxg4 fxg4 37. Rg1 c4 38.
Rxg4 cxb3 39. Rxc7 Rxc7 40. axb3 a5 41. Rxg6 Rc1 42. Rg2 a4 43. bxa4 bxa4 44. d6 exd6 45. f5 Rf1 46. Ke4 a3 47. Kd5 Rd1+ 48. Kc6 Ke7 49.
Rg7+ Kf6 50. Rf7 Kg5 51. Ra7 Kxf5 52.
Kd7 Re1 53. e7 d5 54. Rxa3 d4 55. Rf3+ 1-0

[Event "SS Manhem Chess Week GM and IM tournaments 2018"]
[Site "Molnlycke kulturhus, Biblioteksgatan 2, Molnlycke, Sweden"]
[Date "2018.08.12"]
[Round "3.3"]
[White "Christiansen, Johan-Sebastian"]
[Black "Lindberg, Bengt"]
[Result "1/2-1/2"]
[TimeControl "90 minutes for 40 moves + 30 minutes for the rest of the game + 30 seconds per move from move one."]
[WhiteTitle "IM"]
[BlackTitle "IM"]
[WhiteFideId "1512668"]
[BlackFideId "1700359"]
[WhiteElo "2515"]
[BlackElo "2416"]

1. Nf3 Nf6 2. c4 e6 3. g3 d5 4. Bg2 Be7 5. d4 O-O 6. Qc2 c5 7. dxc5 Qa5+ 8. Nc3 Qxc5 9. cxd5 Nxd5 10.
Bd2 Nxc3 11. Bxc3 Nc6 12. Rc1 e5 13. O-O Be6 14. b3 f6 15. e3 Rac8 16. Qb1 Qb5 17. Bb2 Nb4 18. Nh4 Qd3 19.
Be4 Qxb1 20. Bxb1 g6 21. Nf3 a5 22. Rfd1 b5 23. Ne1 1/2-1/2